 Dungeon Crawl Stone Soup version 0.28.0-53-g5a82cb258f (webtiles) character file.

Game seed: 2599381975877371185

16 Doot the Magician (level 2, -1/17 HPs)
             Began as an Octopode Hedge Wizard on June 18, 2022.
             Slain by a hound (4 damage)
             ... on level 5 of the Dungeon.
             The game lasted 00:01:17 (921 turns).

Doot the Magician (Octopode Hedge Wizard)            Turns: 921, Time: 00:01:17

Health: -1/17      AC:  1    Str:  9    XL:     2   Next: 54%
Magic:  6/6        EV: 13    Int: 16    God:
Gold:   60         SH:  0    Dex: 11    Spells: 5/8 levels left

rFire   . . .      SeeInvis .   g - +0 rapier
rCold   . . .      Faith    .   (no shield)
rNeg    . . .      Spirit   .   b - +0 hat
rPois   .          Reflect  .   (no amulet)
rElec   .          Harm     .   (no ring)
rCorr   .          Rampage  .   (no ring)
Will    .....                   (no ring)
Stlth   +++.......              (no ring)
HPRegen 0.05/turn               (no ring)
MPRegen 0.10/turn               (no ring)
                                (no ring)
                                (no ring)

@: no status effects
A: almost no armour, amphibious, 8 rings, camouflage 1, gelatinous body 1,
(nimble swimmer 1), tentacles
a: no special abilities


You were on level 5 of the Dungeon.
You visited 1 branch of the dungeon, and saw 5 of its levels.

You collected 60 gold pieces.

Inventory:

Hand Weapons
 a - a +0 dagger
 g - a +0 rapier (weapon)
Armour
 b - a +0 hat (worn)
Wands
 f - a wand of digging (6)
Scrolls
 d - a scroll of fear {unknown}
Potions
 c - 2 potions of flight {unknown}
 e - a potion of might {unknown}


   Skills:
 + Level 2.0 Dodging
 + Level 3.0 Stealth
 + Level 3.5 Spellcasting
 + Level 1.0 Conjurations
 + Level 1.0 Summonings
 + Level 1.0 Translocations


You had 5 spell levels left.
You knew the following spells:

 Your Spells              Type           Power      Damage    Failure   Level
a - Magic Dart            Conj           24%        1d4       12%         1
b - Blink                 Tloc           12%        N/A       19%         2

Your spell library contained the following spells:

 Spells                   Type           Power      Damage    Failure   Level
 Slow                     Hex            8%         N/A       19%         1
 Call Imp                 Summ           6%         N/A       19%         2
 Conjure Flame            Conj/Fire      4%         6-21      41%         3
 Mephitic Cloud           Conj/Pois/Air  3%         N/A       43%         3


Dungeon Overview and Level Annotations

Branches:
Dungeon (5/15)
 Temple: D:4-7

Altars:

Annotations:
D:4 Edmund


Innate Abilities, Weirdness & Mutations

You cannot wear most types of armour.
You are amphibious.
You can wear up to eight rings at the same time.
Your skin changes colour to match your surroundings (Stealth+).
Your rubbery body absorbs attacks. (AC +1, EV +1)
((You are camouflaged when in or above water. (Stealth+)))
You have tentacles for arms and can constrict up to eight enemies at once.


Message History

You see here a +0 rapier.
g - a +0 rapier
g - a +0 rapier (weapon)
Unknown command.
You now have 50 gold pieces (gained 13).
A dart slug comes into view.
The helpless dart slug fails to defend itself.
You hit the dart slug. You grab the dart slug.
The dart slug is moderately wounded.
You constrict the dart slug.
Unknown command.
You hit the dart slug but do no damage. You squeeze the dart slug.
You kill the dart slug!
Unknown command.
Found 10 gold pieces.
Found a stone staircase leading down.
You now have 60 gold pieces (gained 10).
An orc comes into view. It is wielding a +0 morningstar.
Found 12 gold pieces.
There is a stone staircase leading down here.
You climb downwards.
Found a dagger.
There is a stone staircase leading up here.
Unknown command.
The helpless hound fails to defend itself.
You hit the hound. Your grab misses the hound.
The hound is heavily wounded.
The hound completely misses you.
You hit the hound but do no damage. Your grab misses the hound.
The hound is heavily wounded.
The hound closely misses you. The hound bites you.
You hit the hound but do no damage. Your grab misses the hound.
You squeeze the hound.
The hound is heavily wounded.
The hound bites you. x2
* * * LOW HITPOINT WARNING * * *
You hit the hound but do no damage. You grab the hound.
The hound is heavily wounded.
You constrict the hound. The hound bites you.
You die...

.# .# .# ##.
#.. #.# ##.###
##h@..##
###......####
........<....+
###.).....####
#.......#
##.....##
##....# ####.#
#.#


You could see a hound.

Vanquished Creatures
  A worm (D:3)
  A dart slug (D:4)
  An endoplasm (D:2)
  A goblin (D:2)
  4 hobgoblins
  A kobold (D:3)
9 creatures vanquished.

Notes
Turn   | Place    | Note
-------+----------+-------------------------------------------
     0 | D:1      | Doot the Octopode Hedge Wizard began the quest for the Orb.
     0 | D:1      | Reached XP level 1. HP: 11/11 MP: 4/4
   574 | D:2      | Reached XP level 2. HP: 17/17 MP: 1/6
   627 | D:3      | Learned a level 2 spell: Blink
   852 | D:4      | Noticed Edmund
   869 | D:3      | Noticed a phantom
   915 | D:5      | Entered Level 5 of the Dungeon
   921 | D:5      | Slain by a hound

Illustrated notes

Levels and vault maps discovered:
D:1:      matt_arrival_spirals, layout_basic, serial_shops, shop,
          serial_corexii_hall, chequers_hall_statues_wall_a,
          corexii_hall_statues_x, chequers_decorated_corner
D:2:      cheibrodos_pilgrimage, layout_basic, hangedman_feature_mirror
D:3:      layout_rooms, yredelemnul_forgotten_temple_becter,
          mainiacjoe_overflow_concentric_impassable, minmay_hedge_maze,
          columned_hall_lemuel, uniq_sigmund
D:4:      layout_cave_pools, minmay_diced_spiral, uniq_edmund
D:5:      layout_loops_corners, minmay_temple_entry_trees, uniq_prince_ribbit1,
          uniq_ijyb

Skill      XL: |  1  2 |
---------------+-------+-----
Stealth        | 3 |  3.0
Dodging        | |  2.0
Spellcasting   | |  3.5
Conjurations   | |  1.0
Summonings     | |  1.0
Translocations | |  1.0

Action                   || total
-------------------------++-------
Melee: Dagger            ||    12
       Tentacles         ||     6
       Constrict         ||     5
       Rapier            ||     6
       Punch             ||     1
 Cast: Magic Dart        ||    21
 Stab: Sleeping          ||     2
Armor: Skin              ||     2
Dodge: Dodged            ||    13
